 Dungeon Crawl Stone Soup version 0.28.0-53-g5a82cb258f (webtiles) character file.

Game seed: 6596894789610768371

80 bnorton916 the Firebug (level 4, 0/24 HPs)
             Began as a Deep Elf Fire Elementalist on July 18, 2022.
             Slain by Grinder (5 damage)
             ... while paralysed by Grinder
             ... on level 3 of the Dungeon.
             The game lasted 00:01:34 (2783 turns).

bnorton916 the Firebug (Deep Elf Fire Elementalist) Turns: 2783, Time: 00:01:35

Health: 0/24       AC:  2    Str:  5    XL:     4   Next: 18%
Magic:  9/12       EV:  2    Int: 22    God:
Gold:   64         SH:  0    Dex: 15    Spells: 5/11 levels left

rFire   . . .      SeeInvis +   (no weapon)
rCold   . . .      Faith    .   (no shield)
rNeg    . . .      Spirit   .   a - +0 robe
rPois   .          Reflect  .   (no helmet)
rElec   .          Harm     .   (no cloak)
rCorr   .          Rampage  .   (no gloves)
Will    .....                   (no boots)
Stlth   ++........              (no amulet)
HPRegen 0.08/turn               c - ring of see invisible
MPRegen 0.13/turn               (no ring)

@: paralysed
A: no striking features
a: no special abilities


You were on level 3 of the Dungeon.
You visited 1 branch of the dungeon, and saw 3 of its levels.

You collected 64 gold pieces.

Inventory:

Missiles
 b - 108 stones
 e - 7 poisoned darts
Armour
 a - a +0 robe (worn)
Jewellery
 c - a ring of see invisible (left hand)
Scrolls
 i - 3 scrolls of identify {unknown}
Potions
 d - 2 potions of curing {unknown}
 f - a potion of heal wounds {unknown}
 g - a potion of lignification {unknown}
 h - 2 potions of mutation {unknown}
 j - a potion of attraction {unknown}


   Skills:
 - Level 2.4 Dodging
 - Level 2.4 Stealth
 + Level 4.2 Spellcasting
 + Level 2.6 Conjurations
 + Level 4.2 Fire Magic


You had 5 spell levels left.
You knew the following spells:

 Your Spells              Type           Power      Damage    Failure   Level
a - Foxfire               Conj/Fire      76%        2x1d7     2%          1
b - Scorch                Fire           46%        2d7       3%          2
c - Conjure Flame         Conj/Fire      19%        6-21      8%          3

Your spell library contained the following spells:

 Spells                   Type           Power      Damage    Failure   Level
 Inner Flame              Hex/Fire       13%        N/A       14%         3
 Flame Wave               Conj/Fire      19%        2d6       26%         4


Dungeon Overview and Level Annotations

Branches:
Dungeon (3/15)

Altars:

Annotations:
D:3 Grinder


Message History

Done exploring.
Done exploring.
Done exploring.
Done exploring.
Done exploring.
Search for what [? for help]? d:2 Unknown command.
(D) Dungeon
Where to? (Enter - D:2, ? - help)
There is a stone staircase leading down here.
You climb downwards.
Found a stone staircase leading down.
There is a stone staircase leading up here.
You now have 64 gold pieces (gained 11).
Grinder comes into view.
Grinder shouts!
Grinder blinks!
Casting: Foxfire (safe; 2% risk of failure)
Confirm with . or Enter, or press ? or * to list all spells.
Flames lash Grinder.
Grinder is lightly wounded.
Grinder's fire resistance burns away.
Grinder hits you.
You writhe in agony.
A rat comes into view.
Grinder hits you.
You writhe in agony.
Casting: Scorch (safe; 3% risk of failure)
Confirm with . or Enter, or press ? or * to list all spells.
Flames lash Grinder but do no damage.
Grinder gestures at you.
You suddenly lose the ability to move!
Grinder hits you but does no damage.
Grinder is no longer more vulnerable to fire.
Grinder gestures at you.
You shrug off the repeated paralysis!
Grinder gestures at you. Pain shoots through your body!
* * * LOW HITPOINT WARNING * * *
Grinder hits you.
* * * LOW HITPOINT WARNING * * *
You writhe in agony.
You die...

######### #.......#
### #.#####.#
##.######.#####.#
#####............##.#
<......######.##.##.#
#####..# #.##.##.#
##.....# #.......#
...##.## ####@####
#####.# #...5r..#
#####.##### #.#.###.#
..........# #.#.#
####......# # #..
#......# ##. #......#
. ####......# ..
..........#


You could see Grinder and a rat.

Vanquished Creatures
  A gnoll (D:2)
  2 adders (D:2)
  A worm (D:1)
  2 dart slugs
  6 ball pythons
  6 endoplasms
  2 giant cockroaches
  A goblin (D:1)
  2 hobgoblins (D:1)
  A quokka (D:2)
  5 bats
  2 frilled lizards
  7 kobolds
  6 rats
44 creatures vanquished.

Vanquished Creatures (others)
  227 foxfires
227 creatures vanquished.

Grand Total: 271 creatures vanquished

Notes
Turn   | Place    | Note
-------+----------+-------------------------------------------
     0 | D:1      | bnorton916 the Deep Elf Fire Elementalist began the quest
                  | for the Orb.
     0 | D:1      | Reached XP level 1. HP: 10/10 MP: 6/6
   503 | D:1      | Reached XP level 2. HP: 13/15 MP: 0/8
  1600 | D:1      | Reached XP level 3. HP: 19/19 MP: 0/10
  2043 | D:2      | Learned a level 2 spell: Scorch
  2047 | D:2      | Learned a level 3 spell: Conjure Flame
  2138 | D:2      | Reached XP level 4. HP: 22/24 MP: 6/12
  2306 | D:2      | Found a faded altar of an unknown god.
  2776 | D:3      | Noticed Grinder
  2779 | D:3      | Paralysed by Grinder for 6 turns
  2783 | D:3      | Slain by Grinder

Illustrated notes

Levels and vault maps discovered:
D:1:      dpeg_arrival_water_temple_mockup, layout_basic, st_stairs_10
D:2:      minmay_kobold_bridge, layout_rooms,
          shapermc_ecumenical_altar_mp_vishouse, minmay_pentomino_pile
D:3:      layout_loops_cross, uniq_grinder, uniq_jessica

Skill      XL: |  1  2  3 |
---------------+----------+-----
Conjurations   | 2 |  2.6
Spellcasting   | 4 |  4.2
Fire Magic     | 4 |  4.2
Dodging        | |  2.4
Stealth        | |  2.4

Action                   |  1- 3 |  4- 6 || total
-------------------------+-------+-------++-------
 Cast: Foxfire           |   115 |    25 ||   140
       Scorch            |     2 |     3 ||     5
Armor: Robe              |     1 |     1 ||     2
Dodge: Dodged            |     7 |       ||     7
